 Dungeon Crawl Stone Soup version 0.23-a0-481-g60b89c1 (webtiles) character file.

7506 galech the Cleaver (level 10, -1/77 HPs)
             Began as a Demonspawn Fighter on Nov 29, 2018.
             Was a High Priest of Okawaru.
             Slain by a wolf (4 damage)
             ... on level 9 of the Dungeon.
             The game lasted 00:14:15 (9175 turns).

galech the Cleaver (Demonspawn Fighter)             Turns: 9175, Time: 00:14:16

Health: -1/77      AC: 15    Str: 19    XL:     10   Next: 95%
Magic:  0/10       EV: 10    Int:  9    God:    Okawaru [*****.]
Gold:   521        SH:  0    Dex: 17    Spells: 9/9 levels left

rFire    . . .     SeeInvis .   H - +8 frozen axe "Frostbite" {freezing cloud, *Noise +Fly rC+}
rCold    + . .     Gourm    .   (shield currently unavailable)
rNeg     . . .     Faith    .   s - +0 plate armour
rPois    .         Spirit   +   (helmet restricted)
rElec    .         Reflect  .   c - +0 cloak
rCorr    +         Harm     .   (no gloves)
MR       .....                  K - +0 pair of boots
Stlth    ..........             E - amulet of the acrobat
HPRegen  0.22/turn              m - ring of resist corrosion
MPRegen  0.24/turn              r - +3 ring of strength

@: very slightly contaminated
A: antennae 1, powered by pain 2, magic shield, magic regeneration, sturdy frame
2
a: Heroism, Finesse, Renounce Religion, Evoke Flight


You were on level 9 of the Dungeon.
You worshipped Okawaru.
Okawaru was extremely pleased with you.
You were not hungry.

You visited 3 branches of the dungeon, and saw 12 of its levels.

You collected 521 gold pieces.

Inventory:

Hand Weapons
 d - a +4 hand axe of electrocution
 H - the +8 frozen axe "Frostbite" (weapon) {freezing cloud, *Noise +Fly rC+}
   (You took it off a centaur warrior on level 9 of the Dungeon)

   It has been specially enchanted to freeze those struck by it, causing extra
   injury to most foes and up to half again as much damage against particularly
   susceptible opponents.
   It can also slow down cold-blooded creatures.
   It protects you from cold.
   It lets you fly.
   It may make noises in combat.
Armour
 b - a +1 leather armour of cold resistance
 c - a +0 cloak (worn)
 s - a +0 plate armour (worn)
 B - a +0 large shield of reflection
 K - a +0 pair of boots (worn)
Jewellery
 m - a ring of resist corrosion (left hand)
 r - a +3 ring of strength (right hand)
 E - an amulet of the acrobat (around neck)
Wands
 j - a wand of random effects (11)
 A - a wand of polymorph (6)
 D - a wand of flame (24)
 G - a wand of enslavement (8)
Scrolls
 g - 3 scrolls of identify
 h - a scroll of teleportation
 i - 2 scrolls of fog
 k - a scroll of magic mapping
 l - 3 scrolls of remove curse
 o - a scroll of noise
 p - a scroll of blinking
 t - 2 scrolls of amnesia {unknown}
 v - a scroll of immolation {unknown}
 y - 3 scrolls of enchant armour {unknown}
 I - 2 scrolls of enchant weapon
Potions
 a - a potion of mutation {unknown}
 e - 7 potions of curing {unknown}
 n - 4 potions of flight {unknown}
 q - 3 potions of heal wounds {unknown}
 u - a potion of resistance {unknown}
 w - a potion of haste
 x - a potion of invisibility {unknown}
 z - a potion of magic {unknown}
 C - 2 potions of degeneration {unknown}
 F - a potion of ambrosia {unknown}
 J - a potion of might
Comestibles
 f - 22 rations


   Skills:
 + Level 6.5 Fighting
 + Level 10.4 Axes
 + Level 7.0 Armour
 + Level 3.4 Dodging
 + Level 1.4 Stealth
 + Level 7.4 Shields
 + Level 0.3 Invocations


You had 9 spell levels left.
You didn't know any spells.
Your spell library contained the following spells:

 Spells                   Type           Power        Failure   Level  Hunger
 Magic Dart               Conj           #...         96%         1    ##.....
 Blink                    Tloc           N/A          99%         2    ###....
 Call Imp                 Summ           #.......     99%         2    ###....
 Poisonous Vapours        Pois/Air       #.....       99%         2    ###....
 Slow                     Hex            #.......     99%         2    ###....
 Conjure Flame            Conj/Fire      #.......     100%        3    ####...
 Mephitic Cloud           Conj/Pois/Air  #.......     100%        3    ####...
 Recall                   Summ/Tloc      N/A          100%        3    ####...
 Animate Dead             Necr           N/A          100%        4    #####..
 Ice Form                 Ice/Tmut       #.......     100%        4    #####..
 Borgnjor's Vile Clutch   Necr/Erth      #.........   100%        5    ######.
 Metabolic Englaciation   Hex/Ice        #.........   100%        5    ######.
 Bolt of Cold             Conj/Ice       #.........   100%        6    #######
 Death Channel            Necr           #.........   100%        6    #######
 Freezing Cloud           Conj/Ice/Air   #.........   100%        6    #######
 Ozocubu's Refrigeration  Ice            #.........   100%        6    #######
 Simulacrum               Ice/Necr       #.........   100%        6    #######
 Ring of Flames           Chrm/Fire      #.........   100%        7    #######


Dungeon Overview and Level Annotations

Branches:
Dungeon (10/15)            Temple (1/1) D:5            Lair (1/6) D:9
    Orc: D:9-12

Altars:
Cheibriados
Dithmenos
Elyvilon
Fedhas
Gozag
Hepliaklqana
Kikubaaqudgha
Makhleb
Nemelex Xobeh
Okawaru
Qazlal
Ru
Sif Muna
Trog
Uskayaw
Vehumet
Wu Jian
Xom
Yredelemnul
Zin
The Shining One

Shops:
D:6 *

Annotations:
D:4 2 transporters, Amnesiac's ghost, weakling FeEE


Innate Abilities, Weirdness & Mutations

You have a pair of small antennae on your head.
You sometimes gain power by taking damage.
When hurt, damage is shared between your health and your magic reserves.
You regenerate magic rapidly.
Your movements are less encumbered by armour. (ER -4)


Message History

You closely miss the wolf.
The wolf is heavily wounded.
You completely miss the wolf. You barely miss the wolf.
The wolf bites you but does no damage. The wolf closely misses you.
The wolf bites you but does no damage. x2; The wolf bites you.
* * * LOW HITPOINT WARNING * * *
The wolf barely misses you. x2; The wolf bites you but does no damage.
You barely miss the wolf.
The wolf is heavily wounded.
You slash the wolf! You freeze the wolf.
You kill the wolf!
Okawaru accepts your kill.
You closely miss the wolf. The wolf closely misses you. x2
The wolf bites you but does no damage. x3
You miss the wolf.
The wolf is heavily wounded.
You miss the wolf. The wolf bites you but does no damage. The wolf bites you!
* * * LOW HITPOINT WARNING * * *
The wolf bites you but does no damage. The wolf bites you.
You die...

####.#######............#........
...#.# ###............#........
...#.# #.....[........#........
...#.# #...).[.########........
####.# #####)[...####.#.######.
####.#######..[......##.#.#......
.....#....#...........#.#........
...#.#..........hh......#...##.#.
...#.#..........@.......#...##.#.
...#.#.....(.....†......#...##.#.
...'......#...........#.'...##.#.
♣..#.#....##.........##.#.#.##...
...###....####.....####.#.#.##...
...###....#####..................
..(##.....+......................
...##.....##....................#
....#.....##..........##........#


You could see 2 wolves.

Vanquished Creatures
  A centaur warrior (D:9)
  A two-headed ogre (D:9)
  A hippogriff (D:7)
  A vampire mosquito (D:9)
  Menkaure (D:6)
  3 wargs (D:9)
  4 water moccasins
  3 orc warriors
  A sky beast (D:7)
  A black bear (D:9)
  3 ice beasts
  3 phantoms
  6 ogres
  3 centaurs
  2 wolves
  2 big kobolds (D:7)
  4 bullfrogs
  4 scorpions
  11 killer bees
  4 wights (D:6)
  4 howler monkeys
  3 bullfrog zombies
  A crimson imp (D:5)
  A centaur zombie (D:8)
  6 hounds
  4 jellies
  8 orc priests
  3 bullfrog skeletons
  12 orc wizards
  2 iguanas
  Terence (D:2)
  8 worker ants
  A hound skeleton (D:4)
  3 gnolls (D:7)
  20 adders
  2 shadow imps
  An ooze (D:4)
  2 adder skeletons (D:8)
  4 worms
  5 leopard geckos
  34 orcs
  9 bats
  6 giant cockroaches
  5 goblins
  7 hobgoblins
  12 jackals
  5 quokkas
  3 ball pythons
  8 frilled lizards
  33 kobolds
  2 quokka skeletons
  3 quokka zombies
  9 rats
  A plant (D:7)
287 creatures vanquished.

Vanquished Creatures (others)
  5 dream sheep (D:5)
  A kobold (D:7)
  A plant (D:7)
7 creatures vanquished.

Grand Total: 294 creatures vanquished

Notes
Turn   | Place    | Note
-------+----------+-------------------------------------------
     0 | D:1      | galech the Demonspawn Fighter began the quest for the Orb.
     0 | D:1      | Reached XP level 1. HP: 18/18 MP: 1/1
    98 | D:1      | Reached skill level 2 in Axes
    98 | D:1      | Gained mutation: You sometimes gain a little power by
                  | taking damage. [demonic ancestry]
    98 | D:1      | Reached XP level 2. HP: 15/24 MP: 2/2
   723 | D:2      | Noticed Terence
   731 | D:2      | Gained mutation: You sometimes gain power by taking damage.
                  | [demonic ancestry]
   731 | D:2      | Reached XP level 3. HP: 26/29 MP: 3/3
   734 | D:2      | Killed Terence
   734 | D:2      | Reached skill level 1 in Dodging
   751 | D:2      | Noticed a phantom
   850 | D:2      | Killed a phantom
   850 | D:2      | Reached skill level 3 in Axes
   850 | D:2      | Reached XP level 4. HP: 27/35 MP: 4/4
   850 | D:2      | Gained mutation: When hurt, damage is shared between your
                  | health and your magic reserves. [demonic ancestry]
   850 | D:2      | Reached XP level 5. HP: 32/41 MP: 5/5
  1400 | D:3      | Noticed an orc warrior
  1415 | D:3      | Killed an orc warrior
  1415 | D:3      | Reached skill level 4 in Axes
  1415 | D:3      | Reached XP level 6. HP: 30/47 MP: 3/6
  2367 | D:4      | Reached skill level 5 in Axes
  2383 | D:4      | Gained mutation: Your movements are slightly less
                  | encumbered by armour. (ER -2) [demonic ancestry]
  2383 | D:4      | Reached XP level 7. HP: 29/52 MP: 7/7
  2656 | D:4      | Noticed Amnesiac's ghost (weakling FeEE)
  2661 | D:4      | Found a transporter.
  2723 | D:4      | Found a transporter.
  3175 | D:5      | Entered Level 5 of the Dungeon
  3242 | D:5      | Reached skill level 6 in Axes
  3309 | D:5      | Found a staircase to the Ecumenical Temple.
  3348 | Temple   | Entered the Ecumenical Temple
  3405 | Temple   | Became a worshipper of Warmaster Okawaru
  3649 | D:5      | Gained mutation: You have a pair of small antennae on your
                  | head. [demonic ancestry]
  3649 | D:5      | Reached XP level 8. HP: 60/60 MP: 8/8
  3982 | D:5      | Found a shimmering altar of Xom.
  3982 | D:5      | Noticed a dream sheep
  3982 | D:5      | Noticed a dream sheep
  3982 | D:5      | Noticed a dream sheep
  3982 | D:5      | Noticed a dream sheep
  3982 | D:5      | Noticed a dream sheep
  3987 | D:5      | Killed a dream sheep
  3987 | D:5      | Killed a dream sheep
  3987 | D:5      | Killed a dream sheep
  3987 | D:5      | Killed a dream sheep
  3988 | D:5      | Killed a dream sheep
  4655 | D:6      | Reached * piety under Okawaru
  4836 | D:6      | Reached skill level 7 in Axes
  4881 | D:6      | Reached skill level 5 in Armour
  4938 | D:6      | Found Zaot's Serpentskin Sales.
  4938 | D:6      | Noticed Menkaure
  5178 | D:6      | Reached skill level 5 in Shields
  5181 | D:6      | Killed Menkaure
  5181 | D:6      | Reached ** piety under Okawaru
  5181 | D:6      | Reached skill level 5 in Fighting
  5181 | D:6      | Gained mutation: Your movements are less encumbered by
                  | armour. (ER -4) [demonic ancestry]
  5181 | D:6      | Reached XP level 9. HP: 65/68 MP: 7/9
  5513 | D:7      | Reached skill level 1 in Stealth
  5775 | D:7      | Reached skill level 8 in Axes
  6015 | D:7      | Reached *** piety under Okawaru
  6549 | D:7      | Gained mutation: You regenerate magic rapidly. [demonic
                  | ancestry]
  6549 | D:7      | Reached XP level 10. HP: 72/76 MP: 8/10
  6743 | D:7      | Reached skill level 9 in Axes
  7197 | D:8      | Found a sacrificial altar of Ru.
  7627 | D:9      | Reached **** piety under Okawaru
  7653 | D:9      | Noticed a centaur warrior
  7666 | D:9      | Killed a centaur warrior
  8099 | D:9      | Found a glowing golden altar of the Shining One.
  8100 | D:9      | Found an ancient bone altar of Kikubaaqudgha.
  8100 | D:9      | Found an ornate altar of the Wu Jian Council.
  8133 | D:9      | Found a basalt altar of Yredelemnul.
  8133 | D:9      | Found a deep blue altar of Sif Muna.
  8133 | D:9      | Found a blossoming altar of Fedhas.
  8169 | D:9      | Found a staircase to the Lair.
  8171 | D:9      | Noticed a two-headed ogre
  8179 | D:9      | Killed a two-headed ogre
  8179 | D:9      | Reached skill level 10 in Axes
  8628 | D:9      | Reached ***** piety under Okawaru
  8799 | D:9      | Found a sacrificial altar of Ru.
  8834 | D:10     | Entered Level 10 of the Dungeon
  9161 | Lair:1   | Entered Level 1 of the Lair of Beasts
  9161 | Lair:1   | Noticed a six-headed hydra
  9175 | D:9      | HP: 3/77 [wolf (6)]
  9175 | D:9      | Slain by a wolf

Vault maps used:
D:1:      saegor_arrival_simple_b, minivault_11
D:2:      minmay_heptomino_d4, uniq_terence
D:3:      minmay_razor_zed
D:4:      gammafunk_ghost_arena, first_ration
D:5:      minmay_temple_entry_waves, kb_xom_exploding_sheep
D:6:      kb_forest_paths, guppyfry_shop_venom, uniq_menkaure
D:7:      kennysheep_kobold_camp, grunt_ogre_cave
D:8:      nicolae_ru_path_of_blood
D:9:      grunt_temple_overflow_open, kennysheep_mini_moat,
          erik_lair_orcish_takeover, minmay_radiant
D:10:     erik_orc_2
Temple:   regret_index_temple_waves
Lair:1:   grunt_megastairs_2

Skill      XL: |  1  2  3  4  5  6  7  8  9 10 |
---------------+-------------------------------+-----
Axes           | 2 3 4 5 6 7 8 10 | 10.4
Shields        | 3 4 5 6 7 |  7.4
Armour         | 3 4 5 6 7 |  7.0
Dodging        | 1 2 3 |  3.4
Fighting       | 4 5 6 |  6.5
Stealth        | 1 |  1.4
Invocations    | |  0.3

Action                   |  1- 3 |  4- 6 |  7- 9 | 10-12 || total
-------------------------+-------+-------+-------+-------++-------
Melee: War axe           |    61 |       |       |       ||    61
       Hand axe          |     6 |   154 |   362 |   117 ||   639
       Executioner's axe |       |       |       |    62 ||    62
Invok: Heroism           |       |       |     1 |     2 ||     3
  Use: Potion            |     1 |       |       |       ||     1
       Scroll            |       |       |     9 |     1 ||    10
  Eat: Chunk             |       |     5 |    14 |     8 ||    27
Armor: Scale mail        |    32 |    21 |       |       ||    53
       Plate armour      |       |    63 |   135 |   114 ||   312
Dodge: Dodged            |    15 |    26 |    53 |    95 ||   189
Block: Shield            |    31 |    88 |    39 |       ||   158
       Large shield      |       |       |   176 |    88 ||   264
       Reflection        |       |       |     7 |     2 ||     9

Table legend:
 A = Non-vault XP
 B = Vault XP
 C = Vault XP percentage of total XP
 D = Non-vault monster count
 E = Vault monster count
 F = Vault count percentage of total count
                 A         B        C        D         E       F
            +---------+---------+-------+---------+---------+-------
      Total |    7731 |    2992 |  27.9 |     219 |      67 |  23.4
            +---------+---------+-------+---------+---------+-------
        D:1 |      33 |       0 |   0.0 |      22 |       0 |   0.0
        D:2 |     180 |      40 |  18.2 |      18 |       4 |  18.2
        D:3 |     281 |      72 |  20.4 |      29 |      14 |  32.6
        D:4 |     523 |       0 |   0.0 |      29 |       0 |   0.0
        D:5 |     493 |       2 |   0.4 |      15 |       1 |   6.2
        D:6 |    1201 |     424 |  26.1 |      28 |       9 |  24.3
        D:7 |    1901 |     386 |  16.9 |      39 |      22 |  36.1
        D:8 |     926 |       0 |   0.0 |      15 |       0 |   0.0
        D:9 |    2077 |    1856 |  47.2 |      23 |      13 |  36.1
       D:10 |       0 |     212 | 100.0 |       0 |       4 | 100.0
     Lair:1 |     116 |       0 |   0.0 |       1 |       0 |   0.0
            +---------+---------+-------+---------+---------+-------
